[Event "Match/Team URS-World 20,5-19,5"]
[Site "Belgrade"]
[Date "1970.03.29"]
[Round "1.10"]
[White "Ivkov, Borislav"]
[Black "Keres, Paul"]
[Result "1/2-1/2"]
[ECO "C75"]
[WhiteElo "2570"]
[BlackElo "2600"]
[Annotator "Ivkov/Keres"]
[PlyCount "80"]
[EventDate "1970.03.29"]
[EventType "team"]
[EventRounds "4"]
[EventCountry "YUG"]
[SourceTitle "MCL"]
[Source "ChessBase"]
[SourceDate "1999.07.01"]
[SourceVersion "1"]
[SourceVersionDate "1999.07.01"]
[SourceQuality "1"]
[WhiteTeam "Soviet Union"]
[BlackTeam "Soviet Union"]
[WhiteTeamCountry "URS"]
[BlackTeamCountry "URS"]
[TimeControl "40/9000:16/5400:0"]

1. e4 e5 2. Nf3 Nc6 3. Bb5 a6 4. Ba4 d6 5. O-O Bd7 6. c3 (6. c4 Nf6 7. Nc3 Be7
8. d4 Nxd4 9. Nxd4 exd4 10. Bxd7+ Nxd7 11. Qxd4 Bf6 $14 {Ivkov=:I}) (6. d4 b5
7. Bb3 Nxd4 8. Nxd4 exd4 9. c3 {Keres=:K}) 6... Nge7 7. d4 Ng6 8. Nbd2 Be7 9.
Re1 O-O (9... h6 10. Nf1 Bg5 {K}) 10. Nf1 exd4 $1 {I} (10... Nh4 {K}) 11. cxd4
Bf6 $146 (11... Re8 $5 {[%cal Ge7f8] I}) (11... Bg4 12. Bxc6 bxc6 13. Ne3 Bd7 {
K}) (11... b5 12. Bc2 Nb4 13. Bb3 c5 14. a3 Nc6 15. Ne3 Bf6 16. dxc5 dxc5 17.
Nd5 Bg4 18. h3 Bxf3 19. Qxf3 Be5 20. Qh5 Nd4 21. Bd1 f5 22. Bg5 Qd6 23. exf5
Rxf5 24. Ne3 Rf7 25. Ng4 Raf8 26. Be2 Bf4 27. Bd3 Nf3+ 28. gxf3 Qxd3 29. Bxf4
Nxf4 30. Ne5 Qd5 31. Rad1 Qb3 32. Qg4 h5 33. Qg3 Ne2+ {0-1 (33) Kirillov,
V-Pasman,M Riga 1961}) 12. Ne3 Re8 13. Bc2 Nh4 (13... Nb4 14. Bb1 c5 15. d5 a5
16. a3 Na6 17. Nc4 {K}) 14. Nxh4 Bxh4 15. Nd5 Ne7 (15... f5 16. e5 $1 $16 {I} (
16. Bf4) 16... dxe5 17. dxe5 Rxe5 18. Rxe5 Nxe5 19. Bf4 $1 {K}) 16. Nc3 $14 {
I P 17.g3 f6 18.e5 K} Ng6 17. g3 Bf6 18. Be3 $2 {I} (18. f4 $142 {I} c5 19.
dxc5 Bxc3 20. bxc3 dxc5 {K}) 18... c5 $1 {K} 19. f4 (19. dxc5 Ne5 $1 {P 20...
g4 21... c4 K} 20. f4 Bg4 21. Qxd6 Nf3+ 22. Kf2 Nxe1 23. Qxd8 Raxd8 24. Rxe1
Bxc3 $1 $10 {I}) 19... cxd4 20. Bxd4 Bc6 (20... Nf8 {(.) I} 21. Bxf6 Qxf6 22.
e5 {K}) 21. Bb3 Nf8 {P 22... d4 23. d4 e6 24... c5 K} 22. Bxf6 Qxf6 23. Nd5 Qd8
(23... Qxb2 24. Re2 Qa3 25. Nc7 Qc5+ (25... Bb5 26. Rc2 {K}) 26. Rf2 $16 {I/K})
24. Qh5 Nd7 $1 {I} (24... Ne6 25. f5 $1 {K}) 25. Rad1 Nc5 (25... Nf6 $6 26.
Nxf6+ Qxf6 27. e5 dxe5 28. fxe5 Qg6 29. Qxg6 hxg6 30. e6 $1 {K}) 26. Bc2 g6 27.
Qg5 $8 {I} (27. Qh6 Bxd5 28. Rxd5 Qb6 {K}) (27. Qf3 {K}) 27... Qxg5 28. fxg5
Bxd5 29. Rxd5 Re6 (29... Rad8 30. e5 {K}) 30. b4 Nd7 31. Bb3 Ne5 (31... Rae8
32. Rd4 Ne5 33. Bxe6 Nf3+ 34. Kf2 Nxd4 35. Bd5 $14 {K}) 32. Rc1 $2 {I} (32. Kg2
$1 Nc6 33. Rdd1 Re7 34. Rxd6 Nxb4 35. e5 Rae8 36. e6 fxe6 37. Rdxe6 Rxe6 38.
Rxe6 Rxe6 39. Bxe6+ $16 {I}) 32... Nc6 33. b5 axb5 (33... Na5 {K}) 34. Rxb5 Re7
35. Rd1 Ra5 $1 $10 {I} 36. Rxa5 (36. a4 Rxb5 37. axb5 Na7 {K}) 36... Nxa5 37.
Bd5 Rc7 38. Rb1 Kf8 39. Rb5 Nc6 40. Rb6 Ke7 1/2-1/2